 Dungeon Crawl Stone Soup version 0.28.0-53-g5a82cb258f (webtiles) character file.

Game seed: 5601271381500742491

2405 LustLizard the Cleaver (level 9, -3/112 (118) HPs)
             Began as a Minotaur Berserker on July 23, 2022.
             Was a Believer of Trog.
             Slain by Harold
             ... wielding a +1 trident of protection
              (17 damage)
             ... on level 7 of the Dungeon.
             The game lasted 00:11:34 (7546 turns).

LustLizard the Cleaver (Minotaur Berserker)         Turns: 7546, Time: 00:11:34

HP:   -3/112 (118)  AC: 12    Str: 26    XL:     9   Next: 23%
MP:   17/17         EV:  7    Int: 10    God:    Trog [**....]
Gold: 308           SH:  0    Dex: 10    Spells: 8/8 levels left

rFire   . . .      SeeInvis .   B - +1 war axe (freeze)
rCold   . . .      Faith    .   (no shield)
rNeg    . . .      Spirit   .   D - +0 plate armour
rPois   .          Reflect  .   (helmet restricted)
rElec   .          Harm     .   u - +0 cloak
rCorr   .          Rampage  .   (no gloves)
Will    .....                   (no boots)
Stlth   ..........              (no amulet)
HPRegen 0.28/turn               t - ring of magical power
MPRegen 0.15/turn               c - +6 ring of intelligence

@: berserking, marked, drained, very quick
A: horns 2, retaliatory headbutt
a: Renounce Religion, Berserk, Trog's Hand


You were on level 7 of the Dungeon.
You worshipped Trog.
Trog was pleased with you.
You visited 1 branch of the dungeon, and saw 7 of its levels.

You collected 308 gold pieces.

Inventory:

Hand Weapons
 a - a +0 hand axe
 B - a +1 war axe of freezing (weapon)
Missiles
 e - 12 poisoned darts
 q - 5 javelins
 w - 71 stones (quivered)
Armour
 b - a +0 animal skin
 f - a +0 ring mail
 j - a +0 chain mail
 u - a +0 cloak (worn)
 D - a +0 plate armour (worn)
Jewellery
 c - a +6 ring of intelligence (right hand)
 t - a ring of magical power (left hand)
Wands
 s - a wand of polymorph (17)
Scrolls
 d - 2 scrolls of enchant weapon
 g - 7 scrolls of teleportation
 k - a scroll of immolation
 l - a scroll of brand weapon
 m - a scroll of noise {unknown}
 o - a scroll of enchant armour {unknown}
 p - a scroll of fog
 v - a scroll of blinking {unknown}
 x - a scroll of acquirement {unknown}
 y - 2 scrolls of magic mapping {unknown}
 C - a scroll of vulnerability {unknown}
Potions
 h - a potion of mutation
 i - a potion of degeneration {unknown}
 n - a potion of brilliance {unknown}
 r - 4 potions of curing
 z - a potion of haste {unknown}
 A - a potion of flight {unknown}
 E - a potion of heal wounds {unknown}


   Skills:
 + Level 7.2 Fighting
 * Level 9.5 Axes
 * Level 5.9 Throwing
 - Level 2.4 Armour
 - Level 2.1 Dodging
 - Level 2.0 Stealth
 * Level 4.8 Evocations


You had 8 spell levels left.
You didn't know any spells.
Your spell library was empty.

Dungeon Overview and Level Annotations

Branches:
Dungeon (7/15)             Temple (0/1) D:7

Altars:
Qazlal
Trog
Xom

Shops:
D:4 **[

Annotations:
D:7 Harold


Innate Abilities, Weirdness & Mutations

You have a pair of horns on your head.
You reflexively headbutt those who attack you in melee.


Message History

A sentinel's mark forms upon you.
You struggle against the net.
You struggle against the net.
Harold fires a harpoon shot at you. The harpoon shot hits you!
You are yanked forward by the harpoon shot.
Harold hits you with a +1 trident of protection!
A red film seems to cover your vision as you go berserk!
You feel yourself moving faster!
You feel mighty! Harold gestures at you while chanting.
The mark upon you grows brighter.
You barely miss Harold.
Harold hits you with a +1 trident of protection!!
You closely miss Harold. Your headbutt misses Harold. You slash Harold!
You freeze Harold.
Harold is moderately wounded.
Harold hits you with a +1 trident of protection!
You hit Harold. You freeze Harold.
Harold is moderately wounded.
Harold hits you with a +1 trident of protection.
You closely miss Harold. You headbutt Harold!
Harold is heavily wounded.
You hit Harold. You freeze Harold. Your headbutt misses Harold.
Harold is heavily wounded.
Harold gestures at you while chanting. The mark upon you grows brighter.
You hit Harold. You freeze Harold.
Harold is heavily wounded.
Harold hits you with a +1 trident of protection!
* * * LOW HITPOINT WARNING * * *
You slash Harold! You freeze Harold.
Harold is severely wounded.
You hit Harold but do no damage.
Harold is severely wounded.
Harold hits you with a +1 trident of protection!
* * * LOW HITPOINT WARNING * * *
You hit Harold but do no damage.
Harold is severely wounded.
Harold hits you with a +1 trident of protection!
You die...

' ##.≈.# ≈≈...#.
..#..≈.# ..####.
....≈.#####.....
#.≈......≈≈≈≈≈
#.≈≈≈≈≈≈≈.....
#........#####
#...#.....# ####
#...#.....####
###.##.@###...####......
.#....@..........#......
.................#......
.................#......
...#....##......##......
.#......#############'##
###...... ..........
.#....... ..........
......... ..........


You could see Harold.

Vanquished Creatures
  Maggie (D:6)
  A water moccasin (D:7)
  2 orc warriors (D:6)
  2 necrophages
  2 sky beasts (D:6)
  2 ogres
  Blork the orc (D:4)
  A wyvern zombie (D:6)
  4 scorpions
  A wyvern skeleton (D:6)
  A water moccasin skeleton (D:6)
  An electric eel (D:7)
  4 wights
  A howler monkey (D:6)
  A bullfrog zombie (D:6)
  Crazy Yiuf (D:3)
  A centaur skeleton (D:7)
  A jelly (D:7)
  A hound (D:5)
  An orc priest (D:6)
  Natasha (thrice) (D:3)
  3 iguanas
  5 orc wizards
  6 adders
  A shadow imp (D:6)
  2 ufetubi
  A worm (D:3)
  6 dart slugs
  9 orcs
  5 endoplasms
  2 giant cockroaches
  7 goblins
  6 hobgoblins
  3 jackals (D:2)
  4 kobolds
  A quokka (D:1)
  3 ball pythons
  4 bats
  A frilled lizard (D:3)
  3 rats
105 creatures vanquished.

Notes
Turn   | Place    | Note
-------+----------+-------------------------------------------
     0 | D:1      | LustLizard the Minotaur Berserker began the quest for the
                  | Orb.
     0 | D:1      | Reached XP level 1. HP: 19/19 MP: 0/0
   127 | D:1      | Reached skill level 4 in Axes
   175 | D:1      | Reached XP level 2. HP: 19/27 MP: 1/1
   343 | D:1      | Found a faded altar of an unknown god.
   845 | D:2      | Reached XP level 3. HP: 30/33 MP: 2/2
  1200 | D:2      | Reached skill level 5 in Axes
  1569 | D:3      | Noticed Natasha
  1580 | D:3      | Killed Natasha
  1581 | D:3      | Reached XP level 4. HP: 31/41 MP: 3/3
  1633 | D:3      | Noticed Natasha
  1640 | D:3      | Killed Natasha
  1825 | D:3      | Found a runed translucent door.
  1826 | D:3      | Noticed Crazy Yiuf
  1910 | D:3      | Noticed Natasha
  1915 | D:3      | Killed Natasha
  1915 | D:3      | Reached ** piety under Trog
  1916 | D:3      | Reached skill level 5 in Fighting
  1916 | D:3      | Reached skill level 6 in Axes
  1916 | D:3      | Reached XP level 5. HP: 42/48 MP: 4/4
  2230 | D:3      | Killed Crazy Yiuf
  2317 | D:4      | Reached skill level 1 in Throwing
  2317 | D:4      | Reached skill level 1 in Stealth
  2345 | D:4      | Found Conacs's Assorted Antiques.
  2448 | D:4      | Found Hoehas's Antique Armour Boutique.
  2564 | D:4      | Noticed a necrophage
  2577 | D:4      | Killed a necrophage
  2578 | D:4      | Reached XP level 6. HP: 52/56 MP: 5/5
  2893 | D:4      | Noticed Blork the orc
  2905 | D:4      | Killed Blork the orc
  3090 | D:4      | Reached skill level 7 in Axes
  3123 | D:4      | Found Ucie's Assorted Antiques.
  3303 | D:5      | Entered Level 5 of the Dungeon
  3418 | D:5      | Reached skill level 1 in Evocations
  3418 | D:5      | Reached XP level 7. HP: 38/61 MP: 6/6
  4066 | D:5      | Found a shimmering altar of Xom.
  4459 | D:6      | Noticed Maggie
  4476 | D:6      | Killed Maggie
  4840 | D:6      | Reached XP level 8. HP: 49/70 MP: 7/7
  4843 | D:6      | Reached skill level 8 in Axes
  5820 | D:6      | Reached skill level 5 in Throwing
  5823 | D:6      | Reached skill level 9 in Axes
  6392 | D:6      | Found a stormy altar of Qazlal.
  6396 | D:6      | Reached XP level 9. HP: 78/78 MP: 8/8
  7055 | D:7      | Found a bloodstained altar of Trog.
  7492 | D:7      | Found a staircase to the Ecumenical Temple.
  7529 | D:7      | Noticed Harold
  7546 | D:7      | Slain by Harold

Illustrated notes

Levels and vault maps discovered:
D:1:      tarquinn_simple_flora_water_f, layout_basic,
          shapermc_ecumenical_altar_totnotflames, minmay_misc_feat_roman
D:2:      layout_basic, minmay_misc_feat_alley
D:3:      layout_loops_ring, uniq_crazy_yiuf_cottage, uniq_natasha
D:4:      layout_basic, serial_shops, kennysheep_little_box, shop, shop,
          uniq_blork_the_orc
D:5:      layout_gridville, kennysheep_mini_moat
D:6:      layout_basic, nicolae_qazlal_scattered_showers,
          chequers_serial_rivers_large_b, minmay_fractal_squares_diagonal_5,
          uniq_maggie
D:7:      layout_gridville, tso_metal_star, zin_purify,
          nicolae_overflow_squiral, minmay_temple_entry_stoned_glass,
          st_stairs_4, minmay_strange_pillars, minmay_misc_feat_square,
          uniq_harold

Skill      XL: |  1  2  3  4  5  6  7  8  9 |
---------------+----------------------------+-----
Axes           | 4 5 6 7 9 |  9.5
Fighting       | 4 5 6 7 |  7.2
Throwing       | 1 2 3 5 |  5.9
Stealth        | 1 2 |  2.0
Evocations     | 1 2 4 |  4.8
Armour         | |  2.4
Dodging        | |  2.1

Action                   |  1- 3 |  4- 6 |  7- 9 || total
-------------------------+-------+-------+-------++-------
Melee: Hand axe          |    73 |   100 |    38 ||   211
       Headbutt          |     9 |    20 |    29 ||    58
       Punch             |     1 |     2 |     1 ||     4
       War axe           |       |       |   121 ||   121
Throw: Stone             |       |    15 |    81 ||    96
       Dart              |       |     2 |     4 ||     6
Invok: Trog's Hand       |       |     2 |     1 ||     3
       Berserk           |       |     1 |     4 ||     5
  Use: Scroll            |       |       |     7 ||     7
Armor: Ring mail         |     5 |       |       ||     5
       Chain mail        |    24 |    39 |    35 ||    98
       Plate armour      |       |       |    15 ||    15
Dodge: Dodged            |    32 |    30 |    43 ||   105
